 Dungeon Crawl Stone Soup version 0.20-a0-1074-g6a0a8e1 (webtiles) character file.

48 JiminyMac the Chopper (level 3, 0/33 HPs)
             Began as a Minotaur Berserker on Apr 29, 2017.
             Was a Believer of Trog.
             Succumbed to an adder's poison
             ... on level 2 of the Dungeon.
             The game lasted 00:03:06 (727 turns).

JiminyMac the Chopper (Minotaur Berserker)           Turns: 727, Time: 00:03:07

Health: 0/33       AC:  3    Str: 22    XL:     3   Next: 50%
Magic:  2/2        EV: 11    Int:  4    God:    Trog [**....]
Gold:   110        SH:  0    Dex:  9    Spells: 2/2 levels left

rFire    . . .     SeeInvis .   a - +0 hand axe
rCold    . . .     Gourm    +   (no shield)
rNeg     . . .     Faith    .   k - -2 ring mail (curse)
rPois    .         Spirit   .   (helmet restricted)
rElec    .         Reflect  .   (no cloak)
rCorr    .         Harm     .   (no gloves)
MR       .....     Rnd*Tele +   (no boots)
Stlth    ..........             b - amulet of the gourmand
Regen    0.2/turn               d - ring of teleportation (curse)
MPRegen  0.1/turn               (no ring)

@: lethally poisoned (0 -> -16)
A: retaliatory headbutt, horns 2
a: Berserk, Trog's Hand, Burn Spellbooks, Renounce Religion


You were on level 2 of the Dungeon.
You worshipped Trog.
Trog was pleased with you.
You were full.

You visited 1 branch of the dungeon, and saw 2 of its levels.

You collected 110 gold pieces.

Inventory:

Hand Weapons
 a - a +0 hand axe (weapon)
Armour
 j - a +0 leather armour
 k - a cursed -2 ring mail (worn)
Jewellery
 b - an amulet of the gourmand (around neck)
 d - a cursed ring of teleportation (left hand)
Scrolls
 g - a scroll of remove curse {unknown}
Potions
 e - a potion of ambrosia {unknown}
 h - a potion of heal wounds {unknown}
 i - a potion of lignification {unknown}
 l - a potion of cancellation {unknown}
Comestibles
 c - 2 bread rations
 f - 2 fruits


   Skills:
 + Level 3.9 Fighting
 * Level 4.8 Axes
 + Level 3.2 Armour
 - Level 2.1 Dodging


You had 2 spell levels left.
You didn't know any spells.

Dungeon Overview and Level Annotations

Branches:
Dungeon (2/15)

Altars:
Uskayaw


Innate Abilities, Weirdness & Mutations

You reflexively headbutt those who attack you in melee.
You have a pair of horns on your head.


Message History

You are more poisoned.
The adder poisons you!
You hit the adder.
The adder is heavily wounded.
* * * LOW HITPOINT WARNING * * *
You feel sick. The adder completely misses you.
You closely miss the adder.
The adder is heavily wounded.
* * * LOW HITPOINT WARNING * * *
You feel sick. The adder completely misses you.
The adder bites you but does no damage.
You hit the adder. Your headbutt misses the adder.
The adder is almost dead.
* * * LOW HITPOINT WARNING * * *
You feel sick. The adder bites you.
* * * LOW HITPOINT WARNING * * *
You slash the adder!
You kill the adder!
Trog accepts your kill.
You die...

### .. #.
#.######### ..
#.###.........#
..#
......####..#
..# #...#..#..#
#.# #._@#(.#..#
#.######
#...#(.#..#
#.##...
#†..####..#
#.##.#####
##.........#
#........#
#..##.[#...#
#.##.###.# #.##
#.##.##
#.##.###.## #)#
....#
#.##.##...# #.#
.###.
#.##.##...###.#
##


You could see 2 dancing weapons.

Vanquished Creatures
  2 adders (D:2)
  A dart slug (D:1)
  A ball python (D:1)
  3 giant cockroaches
  2 goblins (D:1)
  3 hobgoblins
  2 jackals (D:1)
  4 bats (D:1)
  2 frilled lizards
  6 kobolds (D:1)
  2 rats (D:1)
28 creatures vanquished.

Notes
Turn   | Place    | Note
-------+----------+-------------------------------------------
     0 | D:1      | JiminyMac the Minotaur Berserker began the quest for the Orb.
     0 | D:1      | Reached XP level 1. HP: 19/19 MP: 0/0
   100 | D:1      | Reached skill level 4 in Axes
   113 | D:1      | Reached XP level 2. HP: 25/26 MP: 1/1
   649 | D:1      | Reached ** piety under Trog
   672 | D:2      | Reached XP level 3. HP: 25/33 MP: 2/2
   706 | D:2      | Found a hide-covered altar of Uskayaw.
   709 | D:2      | Noticed a dagger
   710 | D:2      | Noticed a dagger
   726 | D:2      | HP: 1/33 [adder (1)]
   727 | D:2      | Succumbed to an adder's poison

Vault maps used:
D:1:      shiori_arrival_maze
D:2:      nicolae_qazlal_style_of_elements, dancing_weapons_uskayaw,
          trog_butcher_becter, uniq_jessica, uniq_sigmund, uniq_robin

Skill      XL: |  1  2 |
---------------+-------+-----
Axes           | 4 |  4.8
Armour         | 3 |  3.2
Fighting       | |  3.9
Dodging        | |  2.1

Action                   || total
-------------------------++-------
Melee: Hand axe          ||    64
       Headbutt          ||     6
  Use: Scroll            ||     3
  Eat: Chunk             ||     8
Armor: Animal skin       ||     2
       Ring mail         ||     7
       Leather armour    ||     3
Dodge: Dodged            ||    44
